 Dungeon Crawl Stone Soup version 0.29-a0-664-gff9cad4a3d (webtiles) character file.

Game seed: 88731759279702374

7381 Sabo the Cleaver (level 11, 0/87 HPs)
             Began as a Hill Orc Fighter on June 21, 2022.
             Was a Believer of Hepliaklqana.
             Slain by a yak (5 damage)
             ... on level 10 of the Dungeon on June 22, 2022.
             The game lasted 01:01:28 (13179 turns).

Sabo the Cleaver (Hill Orc Fighter)                Turns: 13179, Time: 01:01:29

Health: 0/87       AC: 16    Str: 24    XL:     11   Next: 14%
Magic:  11/11      EV: 13    Int:  8    God:    Hepliaklqana [**....]
Gold:   306        SH:  5    Dex: 10    Spells: 10/10 levels left

rFire   . . .      SeeInvis .   U - +2 war axe (drain)
rCold   . . .      Faith    .   c - +0 buckler
rNeg    . . .      Spirit   .   O - +0 chain mail {rPois}
rPois   +          Reflect  .   P - +1 helmet
rElec   .          Harm     .   (no cloak)
rCorr   .          Rampage  .   z - +1 pair of gloves
Will    .....                   (no boots)
Stlth   ..........              (no amulet)
HPRegen 0.24/turn               n - +4 ring of evasion
MPRegen 0.12/turn               s - +1 ring of slaying

@: no status effects
A: reduced essence
a: Renounce Religion, Recall Ancestor, Ancestor Identity


You were on level 10 of the Dungeon.
You worshipped Hepliaklqana.
Hepliaklqana was pleased with you.
You visited 1 branch of the dungeon, and saw 10 of its levels.
You also visited: Ossuary.

You collected 637 gold pieces.
You spent 331 gold pieces at shops.

Inventory:

Hand Weapons
 a - a +2 war axe
 b - a +2 vorpal long sword
 A - a +0 shortbow
 J - a +3 hand axe
 U - a +2 war axe of draining (weapon)
Missiles
 l - 2 boomerangs (quivered)
 y - 2 throwing nets
 B - 9 javelins
 G - 6 poisoned darts
Armour
 c - a +0 buckler (worn)
 z - a +1 pair of gloves (worn)
 C - an orb of mayhem
 O - a +0 chain mail of poison resistance (worn)
 P - a +1 helmet (worn)
Jewellery
 i - a ring of willpower
 n - a +4 ring of evasion (left hand)
 s - a +1 ring of slaying (right hand)
 M - a ring of protection from fire
 R - a ring of resist corrosion
 S - a ring of positive energy
Wands
 t - a wand of iceblast (16)
 D - a wand of flame (15)
Scrolls
 e - 6 scrolls of teleportation
 h - 2 scrolls of fear
 m - a scroll of silence
 o - 3 scrolls of poison
 p - 2 scrolls of identify
Potions
 d - a potion of might
 f - 2 potions of mutation {unknown}
 g - a potion of ambrosia {unknown}
 j - 4 potions of curing
 q - 4 potions of flight {unknown}
 r - a potion of haste {unknown}
 v - 4 potions of heal wounds {unknown}
 x - 3 potions of lignification {unknown}
 F - 2 potions of brilliance {unknown}
 H - 2 potions of degeneration {unknown}
 N - a potion of resistance {unknown}


   Skills:
 + Level 9.0 Fighting
 + Level 13.9 Axes
 + Level 10.7 Armour
 + Level 2.3 Dodging
 + Level 2.6 Stealth
 + Level 5.5 Shields


You had 10 spell levels left.
You didn't know any spells.
Your spell library contained the following spells:

 Spells                   Type           Power      Damage    Failure   Level
 Slow                     Hex            0%         N/A       96%         1
 Sublimation of Blood     Necr           0%         N/A       99%         2
 Call Canine Familiar     Summ           0%         N/A       100%        3
 Confusing Touch          Hex            0%         N/A       100%        3
 Ozocubu's Armour         Ice            0%         N/A       100%        3
 Portal Projectile        Hex/Tloc       0%         N/A       100%        3
 Vampiric Draining        Necr           0%         2d6       100%        3
 Leda's Liquefaction      Hex/Erth       0%         N/A       100%        4
 Petrify                  Tmut/Erth      0%         N/A       100%        4
 Irradiate                Conj/Tmut      0%         3d13      100%        5
 Metabolic Englaciation   Hex/Ice        0%         N/A       100%        5
 Simulacrum               Ice/Necr       0%         N/A       100%        6


Dungeon Overview and Level Annotations

Branches:
Dungeon (10/15)            Temple (0/1) D:5            Lair (0/6) D:10
    Orc (0/2) D:10        Ossuary (visited)

Altars:
Ashenzari
Cheibriados
Hepliaklqana
Kikubaaqudgha
Trog
Uskayaw
Xom
Yredelemnul
Zin

Shops:
D:4 =   D:8 [


Message History

The yak barely misses you. The yak misses you.
Things that are here:
a +0 flail; a yak corpse You hit the yak.
The yak is almost dead.
You hit the yak. You drain the yak. The yak barely misses you.
You barely miss the yak.
The yak is almost dead.
You hit the yak. The yak gores you!
* * * LOW HITPOINT WARNING * * *
You slash the yak!
You kill the yak!
You slash the yak!
A howler monkey comes into view.
The yak misses you.
Your Fighting skill increases to level 9!
You slash the yak! You drain the yak.
You kill the yak!
You slash the yak! You drain the yak.
The yak is heavily wounded.
You barely miss the yak. You hit the yak but do no damage. You drain the yak.
The yak is lightly wounded.
You hit the yak.
The yak is lightly wounded.
You slash the yak! You drain the yak.
You kill the yak!
You slash the yak! The yak gores you.
* * * LOW HITPOINT WARNING * * *
You hit the yak.
The yak is heavily wounded.
You slash the yak! You block the yak's attack. The yak closely misses you.
You hit the yak but do no damage. You drain the yak.
The yak is severely wounded.
You hit the yak but do no damage. You drain the yak. You slash the yak!
The yak is almost dead.
You hit the yak but do no damage. The yak gores you but does no damage.
The yak gores you.
You die...

,,,,,,,**,+....).#
##...#..<....#
,,>,,,,*,>#......#
###.'.......+
,,,,,,,+,*#......#
###.......#
,,,,,,,***#......#
#.......# *****+**
#......# #.......#
*,,* ####'###
##'###### ****,**
#...# #..# *,,,,*
###.## ##.##### ,,****
#@Y# #)....# '***
****##Y#* #######'#
,,,* #..YY.Y†#***
#........ ,,,*
#...Y.....,**#........
,,,*
#.......##<.*#........
,,,*
#.......#**..#=..)....
,,,* ***#.......#
**.#........ ,,,*
****,.........#
*,#........
,,,***,,,,##.......#
*,#........


You could see 3 yaks.

Vanquished Creatures
  A cyclops (D:7)
  A gargoyle (D:10)
  Maggie (D:9)
  A kobold demonologist (D:9)
  8 yaks
  Grum (D:9)
  3 water moccasins
  3 orc warriors (D:7)
  2 ice beasts (D:7)
  A wolf (D:9)
  2 ogres (D:6)
  3 centaurs
  5 elf zombies (Ossuary)
  2 kobold brigands (D:9)
  2 bullfrogs
  A scorpion (D:7)
  6 wights (D:7)
  8 killer bees
  A howler monkey (D:8)
  3 centaur zombies (Ossuary)
  A gnoll shaman (D:5)
  2 hounds
  4 human zombies (Ossuary)
  2 orc priests
  A jelly (D:4)
  2 iguanas
  3 orc wizards
  3 mummies (Ossuary)
  5 gnolls (D:5)
  5 adders
  A white imp (D:7)
  3 ufetubi
  4 worms
  A dart slug (D:3)
  20 orcs
  4 ball pythons
  6 endoplasms
  A giant cockroach (D:4)
  2 goblins
  6 hobgoblins
  9 kobolds
  4 quokkas
  6 bats
  A frilled lizard (D:1)
  4 rats
155 creatures vanquished.

Vanquished Creatures (collateral kills)
  2 yaks (D:9)
  A wraith (D:9)
  2 water moccasins
  An ice beast (D:6)
  2 sky beasts
  3 centaurs
  2 wolves (D:9)
  A kobold brigand (D:9)
  2 wights (D:7)
  An iguana (D:6)
  An adder (D:6)
  A white imp (D:7)
  3 orcs
  A kobold (D:9)
23 creatures vanquished.

Vanquished Creatures (others)
  An angel (D:5)
  An ancestor (D:8)
  A battlemage (D:10)
  22 plants (D:6)
25 creatures vanquished.

Grand Total: 203 creatures vanquished

Notes
Turn   | Place    | Note
-------+----------+-------------------------------------------
     0 | D:1      | Sabo the Hill Orc Fighter began the quest for the Orb.
     0 | D:1      | Reached XP level 1. HP: 19/19 MP: 1/1
   359 | D:1      | Reached XP level 2. HP: 25/27 MP: 2/2
   555 | D:1      | Reached skill level 3 in Axes
   883 | D:1      | Found a faded altar of an unknown god.
  1243 | D:2      | Reached XP level 3. HP: 33/33 MP: 3/3
  1433 | D:2      | Reached skill level 4 in Axes
  1442 | D:2      | Reached skill level 1 in Dodging
  1573 | D:2      | Reached XP level 4. HP: 39/40 MP: 4/4
  2280 | D:3      | Found an ancient bone altar of Kikubaaqudgha.
  2363 | D:3      | Found a snail-covered altar of Cheibriados.
  2677 | D:3      | Found a basalt altar of Yredelemnul.
  2784 | D:4      | Found a hazy altar of Hepliaklqana.
  2882 | D:4      | Reached XP level 5. HP: 25/46 MP: 5/5
  3202 | D:4      | Reached skill level 5 in Axes
  3405 | D:4      | Found Ruwiem's One-of-a-Kind Rings.
  3636 | D:4      | Bought a +1 ring of slaying for 72 gold pieces
  4050 | D:4      | Became a worshipper of Hepliaklqana the Forgotten
  4210 | D:5      | Entered Level 5 of the Dungeon
  4244 | D:5      | Reached XP level 6. HP: 52/53 MP: 6/6
  4302 | D:5      | Found a shimmering altar of Xom.
  4304 | D:5      | Noticed an angel
  4349 | D:5      | Reached skill level 6 in Axes
  4564 | D:5      | Found a sand-covered staircase.
  4570 | Ossuary  | Entered an ossuary
  4583 | Ossuary  | Reached skill level 5 in Armour
  4605 | Ossuary  | Reached XP level 7. HP: 14/60 MP: 7/7
  4944 | Ossuary  | Reached skill level 5 in Fighting
  4958 | Ossuary  | Reached skill level 7 in Axes
  5127 | Ossuary  | Reached skill level 8 in Axes
  5127 | Ossuary  | Reached XP level 8. HP: 61/68 MP: 8/8
  5320 | D:5      | Found a staircase to the Ecumenical Temple.
  5411 | D:5      | Found a glowing silver altar of Zin.
  5463 | D:5      | Killed an angel
  6321 | D:6      | Reached skill level 9 in Axes
  6360 | D:6      | Reached * piety under Hepliaklqana
  6655 | D:6      | Reached skill level 10 in Axes
  6982 | D:6      | Reached XP level 9. HP: 67/67 MP: 9/9
  8117 | D:7      | Noticed a cyclops
  8124 | D:7      | Killed a cyclops
  8125 | D:7      | Reached skill level 11 in Axes
  8125 | D:7      | Reached skill level 1 in Stealth
  8786 | D:7      | Found a bloodstained altar of Trog.
  9714 | D:7      | Reached skill level 12 in Axes
  9714 | D:7      | Reached XP level 10. HP: 57/76 MP: 10/10
  9837 | D:7      | Noticed a +0 hand axe
  9838 | D:7      | Noticed a +0 hand axe
  9840 | D:7      | Found a hide-covered altar of Uskayaw.
 10251 | D:7      | Upgraded the game from 0.29-a0-653-gd47aff6735 to
                  | 0.29-a0-664-gff9cad4a3d
 10593 | D:8      | Found Cyneore's Armour Emporium.
 10735 | D:8      | Found a broken altar of Ashenzari.
 11115 | D:8      | Reached ** piety under Hepliaklqana
 11116 | D:8      | Remembered your ancestor Nhalahla as a battlemage
 11389 | D:8      | Bought a +0 chain mail of poison resistance for 110 gold
                  | pieces
 11389 | D:8      | Bought a +1 helmet for 149 gold pieces
 11500 | D:9      | Noticed a kobold demonologist
 11844 | D:9      | Killed a kobold demonologist
 11845 | D:9      | Reached skill level 5 in Shields
 12244 | D:9      | Noticed Grum
 12251 | D:9      | Killed Grum
 12254 | D:9      | Reached skill level 13 in Axes
 12563 | D:9      | Noticed Maggie
 12572 | D:9      | Killed Maggie
 12575 | D:9      | Reached skill level 10 in Armour
 13080 | D:10     | Entered Level 10 of the Dungeon
 13145 | D:10     | Found a staircase to the Lair.
 13145 | D:10     | Noticed a gargoyle
 13155 | D:10     | Reached XP level 11. HP: 18/85 MP: 11/11
 13176 | D:10     | HP: 4/87 [yak (4)]
 13179 | D:10     | Slain by a yak

Illustrated notes

Levels and vault maps discovered:
D:1:      elethiomel_arrival_infinity_welcomes_careful_drivers,
          layout_loops_ring, basic_ecumenical_altar, serial_park_tiny_2
D:2:      layout_basic, kennysheep_generic_room_11
D:3:      layout_rooms, mainiacjoe_overflow_six_doors_small,
          mainiacjoe_overflow_catwalk_spiral
D:4:      layout_loops_ring, nicolae_hepliaklqana_hazy_memory,
          nicolae_shop_unique_rings
D:5:      nicolae_cairo_tiling_large, layout_loops_corners,
          grunt_temple_overflow_order_and_chaos_1,
          minmay_temple_entry_proselytizer, enter_ossuary_5, nrook_mini_vaults,
          corexii_hall_statues_s
D:6:      layout_loops_cross, serial_bayou_lake_a
D:7:      layout_basic, marbit_many_paths, dancing_weapons_uskayaw, minivault_14
D:8:      layout_loops_corners, mainiacjoe_overflow_concentric_impassable,
          serial_shops, shop, chequers_decorated_corner
D:9:      layout_basic, nicolae_benzene_ring, chequers_jeans, uniq_grum,
          uniq_maggie
D:10:     layout_roguey, lair_entry_dummy, orc_0_dummy, enter_bailey_2,
          nrook_campfire

Skill      XL: |  1  2  3  4  5  6  7  8  9 10 11 |
---------------+----------------------------------+-----
Axes           | 3 4 5 6 8 10 12 13 | 13.9
Dodging        | 1 2 |  2.3
Armour         | 4 5 6 7 8 10 | 10.7
Fighting       | 4 5 6 7 8 9 |  9.0
Shields        | 4 5 |  5.5
Stealth        | 1 2 |  2.6

Action                   |  1- 3 |  4- 6 |  7- 9 | 10-12 || total
-------------------------+-------+-------+-------+-------++-------
Melee: War axe           |    78 |   143 |   284 |   148 ||   653
Invok: Ancestor Identity |       |       |     1 |       ||     1
       Ancestor Life: Ba |       |       |       |     1 ||     1
  Use: Scroll            |       |     3 |     4 |     7 ||    14
       Potion            |       |     2 |     1 |       ||     3
 Stab: Distracted        |       |       |       |     2 ||     2
Armor: Scale mail        |    44 |     8 |       |       ||    52
       Chain mail        |       |    77 |   149 |    81 ||   307
Dodge: Dodged            |    44 |    43 |    72 |    73 ||   232
Block: Buckler           |    21 |    25 |    51 |    35 ||   132

Table legend: (Time is in decaauts)
 A = Elapsed time spent in this place.
 B = Non-inter-level travel time spent in this place.
 C = Inter-level travel time spent in this place.
 D = Time resting spent in this place.
 E = Time spent auto-exploring this place.
 F = Levels seen in this place.
 G = Mean time per level.
                   A        B        C        D        E       F      G
               +--------+--------+--------+--------+--------+-----+--------+
         Total |  13252 |  13252 |      0 |   4200 |      0 |  11 | 1204.7 |
       Dungeon |  12623 |  12623 |      0 |   3835 |      0 |  10 | 1262.3 |
       Ossuary |    628 |    628 |      0 |    365 |      0 |   1 |  628.0 |
               +--------+--------+--------+--------+--------+-----+--------+

Top non-repeatable levels by time:
     D:7: 2419 daAuts
     D:6: 1603 daAuts
     D:4: 1493 daAuts
     D:9: 1486 daAuts
     D:5: 1431 daAuts
     D:8: 1325 daAuts
     D:1: 1090 daAuts
     D:2: 964 daAuts
     D:3: 714 daAuts
 Ossuary: 628 daAuts
    D:10: 94 daAuts
